 Dungeon Crawl Stone Soup version 0.25-a0-1133-g93ebf73 (webtiles) character file.

Game seed: 13304834497388338851, levelgen mode: deterministic

490 thirtiethelement the Sneak (level 7, -5/42 HPs)
             Began as an Octopode Venom Mage on May 21, 2020.
             Was a Follower of Cheibriados.
             Slain by a phantom (9 damage)
             ... on level 4 of the Dungeon.
             The game lasted 00:22:35 (2882 turns).

thirtiethelement the Sneak (Octopode Venom Mage)    Turns: 2882, Time: 00:22:35

Health: -5/42      AC:  1    Str: 11    XL:     7   Next: 14%
Magic:  17/20      EV: 14    Int: 22    God:    Cheibriados [*.....]
Gold:   276        SH:  0    Dex: 15    Spells: 11/12 levels left

rFire    + . .     SeeInvis .   j - +2 dagger (venom)
rCold    x . .     Gourm    .   (no shield)
rNeg     . . .     Faith    +   (helmet restricted)
rPois    .         Spirit   .   o - amulet of faith
rElec    .         Reflect  .   d - ring of magical power
rCorr    .         Harm     .   s - ring of stealth
MR       .....                  u - ring of fire
Stlth    +++++.....             (no ring)
HPRegen  0.14/turn              (no ring)
MPRegen  0.17/turn              (no ring)
                                (no ring)
                                (no ring)

@: very slow
A: almost no armour, stealthy swim, amphibious, 8 rings, constrict 8, camouflage
1, gelatinous body 1
a: Bend Time, Renounce Religion


You were on level 4 of the Dungeon.
You worshipped Cheibriados.
Cheibriados was aware of your devotion.
You were not hungry.

You visited 1 branch of the dungeon, and saw 4 of its levels.

You collected 276 gold pieces.

Inventory:

Hand Weapons
 a - a +0 spear
 j - a +2 dagger of venom (weapon)
Missiles
 h - 53 poisoned darts (quivered)
Jewellery
 d - a ring of magical power (left tentacle)
 o - an amulet of faith (around mantle)
 s - a ring of stealth (right tentacle)
 u - a ring of fire (on tentacle)
Scrolls
 c - 3 scrolls of remove curse {unknown}
 e - a scroll of blinking {unknown}
 f - 5 scrolls of identify {unknown}
 g - 3 scrolls of enchant weapon {unknown}
 i - 3 scrolls of immolation {unknown}
 k - 2 scrolls of teleportation {unknown}
 m - a scroll of magic mapping {unknown}
 t - a scroll of random uselessness {unknown}
Potions
 l - 2 potions of curing {unknown}
 n - a potion of flight {unknown}
 p - a potion of resistance {unknown}
 q - 2 potions of lignification {unknown}
 r - a potion of cancellation {unknown}
Comestibles
 b - 8 rations


   Skills:
 + Level 0.9 Fighting
 + Level 1.5 Short Blades
 + Level 0.2 Polearms
 + Level 2.5 Dodging
 * Level 6.0 Stealth
 + Level 3.0 Spellcasting
 + Level 2.3 Transmutations
 * Level 6.0 Poison Magic
 + Level 1.0 Invocations


You had 11 spell levels left.
You knew the following spells:

 Your Spells              Type           Power        Failure   Level  Hunger
a - Sting                 Tmut/Pois      ###.         2%          1    None

Your spell library contained the following spells:

 Spells                   Type           Power        Failure   Level  Hunger
 Poisonous Vapours        Pois/Air       ###...       5%          2    ##.....
 Olgreb's Toxic Radiance  Pois           ####....     11%         4    ####...
 Ignite Poison            Fire/Tmut/Pois ###.....     12%         3    ###....
 Mephitic Cloud           Conj/Pois/Air  ##......     16%         3    ###....


Dungeon Overview and Level Annotations

Branches:
Dungeon (4/15)
 Temple: D:4-7

Altars:
Ashenzari
Cheibriados
Dithmenos


Innate Abilities, Weirdness & Mutations

You cannot wear most types of armour.
You are very stealthy in the water. (Stealth+)
You are amphibious.
You can wear up to eight rings at the same time.
You can use your tentacles to constrict eight enemies at once.
Your skin changes colour to match your surroundings (Stealth+).
Your rubbery body absorbs attacks. (AC +1, EV +1)


Message History

The phantom blinks!
The phantom blinks!
Casting: Sting (safe; 2% risk of failure)
Confirm with . or Enter, or press ? or * to list all spells.
Aiming: Sting (safe; 2% risk of failure)
Press: ? - help, Shift-Dir - straight line, f/p - phantom
Aim: a phantom (severely damaged)
The sting hits the phantom.
The phantom is severely damaged.
The phantom hits you.
* * * LOW HITPOINT WARNING * * *
Casting: Sting (safe; 2% risk of failure)
Confirm with . or Enter, or press ? or * to list all spells.
Aiming: Sting (safe; 2% risk of failure)
Press: ? - help, Shift-Dir - straight line, f/p - phantom
Aim: a phantom (severely damaged)
The sting hits the phantom.
The phantom is severely damaged.
The phantom hits you!
You die...

#......# #......#####
## #..........# .#
#...§..###.# #### .#
###'§_.# .... .#
#§...# ######.#
#####.#.## .......#
...#.#.#
...>..########.#@#.!
...........§)..W.####
......########.###
......# #.......#
......# #.......#
......# #.......#####
......# #.......#...#
####### #.......#...#
#.......#...#


You could see a phantom.

Vanquished Creatures
  An ogre (D:2)
  A centaur (D:4)
  A hound (D:4)
  An orc priest (D:4)
  Jessica (D:2)
  Terence (D:3)
  2 orc wizards (D:4)
  Natasha (thrice) (D:3)
  2 adders
  An ooze (D:2)
  An adder skeleton (D:4)
  2 worms (D:3)
  A dart slug (D:2)
  8 orcs
  6 giant cockroaches
  8 goblins
  2 hobgoblins (D:2)
  2 quokkas (D:3)
  5 bats
  4 frilled lizards
  7 kobolds
  A quokka skeleton (D:4)
  7 rats
68 creatures vanquished.

Notes
Turn   | Place    | Note
-------+----------+-------------------------------------------
     0 | D:1      | thirtiethelement the Octopode Venom Mage began the quest
                  | for the Orb.
     0 | D:1      | Reached XP level 1. HP: 11/11 MP: 3/3
   155 | D:1      | Reached XP level 2. HP: 17/17 MP: 5/5
   697 | D:2      | Found a shattered altar of Ashenzari.
   713 | D:2      | Reached XP level 3. HP: 19/21 MP: 6/6
   739 | D:2      | Noticed an ogre
   741 | D:2      | Noticed Jessica
   778 | D:2      | Killed an ogre
   778 | D:2      | Reached skill level 5 in Poison Magic
   778 | D:2      | Reached XP level 4. HP: 18/27 MP: 6/7
   806 | D:2      | Killed Jessica
   806 | D:2      | Reached XP level 5. HP: 17/32 MP: 6/8
  1024 | D:2      | Found a snail-covered altar of Cheibriados.
  1029 | D:2      | Became a worshipper of Cheibriados the Contemplative
  1393 | D:3      | Noticed Natasha
  1396 | D:3      | Noticed Terence
  1397 | D:3      | Killed Natasha
  1402 | D:3      | Killed Terence
  1455 | D:3      | Noticed Natasha
  1465 | D:3      | Killed Natasha
  1465 | D:3      | Reached XP level 6. HP: 13/37 MP: 10/10
  1632 | D:3      | Noticed Natasha
  1643 | D:3      | Killed Natasha
  1643 | D:3      | Reached skill level 5 in Stealth
  1643 | D:3      | Reached skill level 1 in Invocations
  2060 | D:3      | Reached * piety under Cheibriados
  2247 | D:4      | Reached skill level 1 in Short Blades
  2551 | D:4      | Reached XP level 7. HP: 17/42 MP: 11/11
  2840 | D:4      | Found a shadowy altar of Dithmenos.
  2882 | D:4      | Slain by a phantom

Illustrated notes

Levels and vault maps discovered:
D:1:      dpeg_arrival_simpleton_a, layout_basic
D:2:      layout_rooms, ashenzari_altar_1, kennysheep_slug_shrine, first_ration,
          serial_bayou_ford_a, uniq_jessica
D:3:      layout_loops_ring, uniq_terence, uniq_natasha
D:4:      layout_basic, grunt_dithmenos_smoke

Skill      XL: |  1  2  3  4  5  6  7 |
---------------+----------------------+-----
Poison Magic   | 4 5 6 |  6.0
Stealth        | 3 4 5 6 |  6.0
Transmutations | 2 |  2.3
Invocations    | 1 |  1.0
Short Blades   | 1 |  1.5
Spellcasting   | 3 |  3.0
Fighting       | |  0.9
Polearms       | |  0.2
Dodging        | |  2.5

Action                   |  1- 3 |  4- 6 |  7- 9 || total
-------------------------+-------+-------+-------++-------
Melee: Spear             |    12 |       |       ||    12
       Constrict         |     5 |    12 |     1 ||    18
       Tentacles         |     5 |     9 |     1 ||    15
       Dagger            |     8 |    61 |    20 ||    89
 Cast: Sting             |    32 |    28 |    10 ||    70
Invok: Bend Time         |       |     1 |       ||     1
 Stab: Sleeping          |     3 |     9 |     1 ||    13
  Eat: Ration            |       |     2 |       ||     2
Armor: Skin              |     3 |     3 |     1 ||     7
Dodge: Dodged            |    23 |    27 |     9 ||    59

Table legend:
 A = Non-vault XP
 B = Vault XP
 C = Vault XP percentage of total XP
 D = Non-vault monster count
 E = Vault monster count
 F = Vault count percentage of total count
                 A         B        C        D         E       F
            +---------+---------+-------+---------+---------+-------
      Total |     591 |     109 |  15.6 |      64 |       4 |   5.9
            +---------+---------+-------+---------+---------+-------
        D:1 |      25 |       0 |   0.0 |      17 |       0 |   0.0
        D:2 |     161 |      41 |  20.3 |      18 |       2 |  10.0
        D:3 |      95 |      68 |  41.7 |      13 |       2 |  13.3
        D:4 |     310 |       0 |   0.0 |      16 |       0 |   0.0
            +---------+---------+-------+---------+---------+-------
